 Dungeon Sprint DCSS version 0.31-a0-66-ge618eeaa78 (webtiles) character file.

Game seed: 2582259506656581986

214 rocky1 the Protected (level 5, 0/52 HPs)
             Began as an Armataur Fighter on May 23, 2023.
             Was an Initiate of Gozag.
             Slain by an orc
             ... wielding a +0 dagger
              (1 damage)
             ... in the Dungeon (Sprint VII: "The Pits").
             The game lasted 00:01:54 (487 turns).

rocky1 the Protected (Armataur Fighter)              Turns: 487, Time: 00:01:55

Health: 0/52       AC:  8    Str: 23    XL:     5   Next: 60%
Magic:  5/5        EV:  8    Int:  8    God:    Gozag
Gold:   288        SH:  5    Dex: 10    Spells: 4/4 levels left

rFire   . . .        a - +0 flail
rCold   . . .        c - +0 buckler
rNeg    . . .        b - +0 scale mail
rPois   .            (no helmet)
rElec   .            (no cloak)
rCorr   .            (no gloves)
SInv    .            (no barding)
Will    .....        (no amulet) Stlth
                     (no ring)
HPRegen 0.28/turn    (no ring)
MPRegen 0.09/turn

%: no teleportation, roll
@: invisible
A: large, rugged brown scales 3, deformed body, armoured tail, roll, long
tongue, awkward tongue
a: Renounce Religion, Potion Petition, Call Merchant, Bribe Branch


You were in the Dungeon.
You worshipped Gozag.
Gozag was aware of your devotion.
You visited 1 branch You collected 288 gold pieces.

Inventory:

Hand Weapons
 a - a +0 flail (weapon)
Armour
 b - a +0 scale mail (worn)
 c - a +0 buckler (worn)
Scrolls
 j - a scroll of blinking
 k - 5 scrolls of amnesia
 l - a scroll of summoning
Potions
 d - a potion of might
 f - a potion of invisibility
 g - a potion of haste
 h - 4 potions of magic
 i - 2 potions of berserk rage


   Skills:
 + Level 5.6 Fighting
 + Level 4.2 Maces & Flails
 + Level 8.9 Armour
 + Level 1.9 Dodging
 + Level 7.1 Shields


You had 4 spell levels left.
You didn't know any spells.
Your spell library was empty.

Dungeon Overview and Level Annotations

Branches:
Dungeon (1/1)

Altars:
Ashenzari
Cheibriados
Dithmenos
Elyvilon
Fedhas
Gozag
Hepliaklqana
Kikubaaqudgha
Makhleb
Nemelex Xobeh
Okawaru
Qazlal
Ru
Sif Muna
Trog
Uskayaw
Vehumet
Wu Jian
Xom
Yredelemnul
Zin
The Shining One
Jiyva
Lugonu


Innate Abilities, Weirdness & Mutations

You are completely covered in rugged brown scales. (AC +3, +7% HP)
Armour fits poorly on your strangely shaped body.
You have a long armoured tail.
You roll when moving toward enemies. (Rampage)
Your long tongue fully drains potion bottles. (2x potion effects)
Your tongue gives you trouble enunciating. (1.5x scroll delay)


Message History

* * * LOW HITPOINT WARNING * * *
The jackal bites you but does no damage. x2
Unknown command.
You closely miss the jackal.
You feel less confused. The jackal barely misses you.
Something hits you but does no damage. The orc hits you with a +0 dagger.
* * * LOW HITPOINT WARNING * * *
You block the jackal's attack.
Unknown command.
You barely miss the jackal. The jackal barely misses you. Something hits you.
* * * LOW HITPOINT WARNING * * *
The jackal barely misses you. The jackal closely misses you.
The orc hits you but does no damage.
You hear some strange, mumbled words.
A puff of flame appears from out of thin air!
The puff of flame hits you but does no damage.
You miss the jackal.
Your tail-slap misses the jackal.
An orc wizard appears from thin air!
Reactivating autopickup.
The jackal barely misses you. x3
The orc wizard hits you but does no damage.
The orc barely misses you.
The jackal bites you but does no damage.
You closely miss the orc wizard.
You recover from your berserk rage.
The jackal bites you but does no damage.
The jackal closely misses you.
The orc wizard points at you and mumbles some strange words.
You resist with some effort. The orc barely misses you.
The jackal closely misses you.
You hit the orc wizard.
The orc wizard is lightly wounded.
The jackal bites you.
* * * LOW HITPOINT WARNING * * *
You block the jackal's attack.
The orc wizard hits you but does no damage.
The orc hits you with a +0 dagger.
You die...
Your body crumbles into a pile of gold.

#_________.#
#_________.#
#_______...##########
##########'##........
#.?(.')))'.##......#.
##########.##........
#...........'........
#+#####'#####......#.
#h@#..#..##........
#oho..'..#####'####
##o####+###.......#
.b. #.......# #....
#.......# #####+
#...<...# #.......#
#.......# #.......#


You could see an orc wizard (unable to see you), 2 orcs, 2 jackals and a bat.

Vanquished Creatures
  A floating eye (D)
  An orc warrior (D)
  2 river rats (D)
  An ufetubus (D)
  2 orcs (D)
  A jackal (D)
  2 frilled lizards (D)
10 creatures vanquished.

Notes
Turn   | Place    | Note
-------+----------+-------------------------------------------
     0 | D        | rocky1 the Armataur Fighter began the quest for the Orb.
     0 | D        | Reached XP level 1. HP: 19/19 MP: 1/1
    25 | D        | Reached skill level 4 in Armour
    29 | D        | Found a bloodstained altar of Trog.
    29 | D        | Found a shimmering blue altar of Sif Muna.
    29 | D        | Found a viscous altar of Jiyva.
    29 | D        | Found a hazy altar of Hepliaklqana.
    29 | D        | Found an opulent altar of Gozag.
    30 | D        | Found a glowing golden altar of the Shining One.
    30 | D        | Found a glowing silver altar of Zin.
    30 | D        | Found a basalt altar of Yredelemnul.
    30 | D        | Found a shimmering altar of Xom.
    30 | D        | Found an ornate altar of the Wu Jian Council.
    30 | D        | Found a sacrificial altar of Ru.
    30 | D        | Found a stormy altar of Qazlal.
    30 | D        | Found an iron altar of Okawaru.
    30 | D        | Found a sparkling altar of Nemelex Xobeh.
    30 | D        | Found a burning altar of Makhleb.
    30 | D        | Found a blossoming altar of Fedhas.
    30 | D        | Found a white marble altar of Elyvilon.
    30 | D        | Found a shadowy altar of Dithmenos.
    30 | D        | Found a snail-covered altar of Cheibriados.
    33 | D        | Found a corrupted altar of Lugonu.
    33 | D        | Found a radiant altar of Vehumet.
    34 | D        | Found an ancient bone altar of Kikubaaqudgha.
    34 | D        | Found a hide-covered altar of Uskayaw.
    34 | D        | Found a broken altar of Ashenzari.
    49 | D        | Became a worshipper of Gozag Ym Sagoz the Greedy
    78 | D        | Noticed a floating eye
    80 | D        | Killed a floating eye
    81 | D        | Reached skill level 7 in Armour
    81 | D        | Reached skill level 1 in Dodging
    81 | D        | Reached XP level 2. HP: 29/29 MP: 2/2
    81 | D        | Reached XP level 3. HP: 37/37 MP: 3/3
    81 | D        | Reached XP level 4. HP: 43/43 MP: 4/4
   206 | D        | Reached skill level 5 in Fighting
   447 | D        | Noticed an orc warrior
   465 | D        | Killed an orc warrior
   466 | D        | Reached skill level 8 in Armour
   466 | D        | Reached XP level 5. HP: 35/52 MP: 5/5
   484 | D        | HP: 2/52 [something (1)]
   487 | D        | Slain by an orc

Illustrated notes

Levels and vault maps discovered:
D:        pitsprint [storerooms_1, entrance_room_1, metal_vault_8, armoury_1,
          mini_pit_1, grid_room_1, main_hall_1, silver_pit, the_coven_3,
          the_vestibule_1, steel_vault_3, golden_pit, hallway_of_sentries,
          crystal_vault_4, iron_vault_2, final_vault]

Skill      XL: |  1  2  3  4 |
---------------+-------------+-----
Fighting       | 4 5 |  5.6
Armour         | 7 8 |  8.9
Maces & Flails | 2 4 |  4.2
Dodging        | 1 |  1.9
Shields        | 6 7 |  7.1

Action                     |  1- 3 |  4- 6 || total
---------------------------+-------+-------++-------
  Melee: Flail             |    14 |    46 ||    60
         Tailslap          |       |     2 ||     2
    Use: Potion            |     1 |     3 ||     4
 Armour: Scale mail        |    17 |    69 ||    86
  Dodge: Dodged            |    14 |    52 ||    66
  Block: Buckler           |     8 |    23 ||    31

Table legend: (Time is in decaauts)
 A = Elapsed time spent in this place.
 B = Non-inter-level travel time spent in this place.
 C = Inter-level travel time spent in this place.
 D = Time resting spent in this place.
 E = Time spent auto-exploring this place.
 F = Levels seen in this place.
 G = Mean time per level.
                   A        B        C        D        E       F      G
               +--------+--------+--------+--------+--------+-----+--------+
         Total |    502 |    502 |      0 |    336 |      0 |   1 |  502.0 |
       Dungeon |    502 |    502 |      0 |    336 |      0 |   1 |  502.0 |
               +--------+--------+--------+--------+--------+-----+--------+

Top non-repeatable levels by time:
       D: 502 daAuts
